 Dungeon Crawl Stone Soup version 0.18.1-8-gdd0e5ea (webtiles) character file.

374 Hipnos the Digger (level 6, -1/33 HPs)
             Began as a Gargoyle Earth Elementalist on May 23, 2016.
             Slain by a worker ant (5 damage)
             ... on level 4 of the Dungeon.
             The game lasted 00:08:54 (2230 turns).

Hipnos the Digger (Gargoyle Earth Elementalist)     Turns: 2230, Time: 00:08:54

Health: -1/33      AC:  7    Str: 12    XL:     6   Next: 72%
Magic:  3/12       EV: 12    Int: 17    God:
Gold:   131        SH:  0    Dex: 10    Spells: 4 memorised, 4 levels left

rFire  . . .     SeeInvis .     s - +0 whip
rCold  . . .     Gourm    .     y - +0 leather armour
rNeg   + . .     Faith    .     (no shield)
rPois  ∞         Spirit   .     (no helmet)
rElec  +         Dismiss  .     (no cloak)
rCorr  .         Reflect  .     (no gloves)
SustAt .         Harm     .     (no boots)
MR     +....                    (no amulet)
Stlth  ++........               i - +2 ring of slaying
                                h - ring of protection from magic

@: somewhat resistant to hostile enchantments, unstealthy
A: negative energy resistance 1, electricity resistance, unbreathing,
petrification resistance, rot immunity, AC +4
a: no special abilities


You were on level 4 of the Dungeon.
You were hungry.

You visited 1 branch of the dungeon, and saw 4 of its levels.

You collected 131 gold pieces.

Inventory:

Hand Weapons
 g - a cursed -1 dagger
 s - a +0 whip (weapon)
Armour
 a - a +0 robe
 y - a +0 leather armour (worn)
Jewellery
 h - a ring of protection from magic (left hand)
 i - a +2 ring of slaying (right hand)
Scrolls
 b - a scroll of immolation {unknown}
 k - 6 scrolls of identify {unknown}
 l - a scroll of teleportation {unknown}
 m - a scroll of fear {unknown}
 p - 2 scrolls of remove curse {unknown}
 v - a scroll of blinking {unknown}
Potions
 e - a potion of heal wounds {unknown}
 f - 2 potions of brilliance {unknown}
 j - a potion of degeneration {unknown}
 n - a potion of cure mutation {unknown}
 o - 2 potions of lignification {unknown}
 q - a potion of mutation {unknown}
 t - a potion of ambrosia {unknown}
 u - a potion of haste {unknown}
 w - 2 potions of agility {unknown}
 z - a potion of flight {unknown}
Books
 c - a book of Geomancy

   Spells                             Type                      Level
   a - Sandblast                      Earth                        1
   b - Passwall                       Transmutation/Earth          2
   c - Stone Arrow                    Conjuration/Earth            3
   d - Petrify                        Transmutation/Earth          4
   e - Lee's Rapid Deconstruction     Earth                        5
Comestibles
 d - 5 bread rations
 r - a slice of pizza
 x - 5 chunks of flesh


   Skills:
 + Level 0.4 Fighting
 + Level 0.7 Armour
 + Level 2.3 Dodging
 - Level 2.1 Stealth
 + Level 4.6 Spellcasting
 + Level 0.7 Transmutations
 + Level 6.1 Earth Magic


You had 4 spell levels left.
You knew the following spells:

 Your Spells              Type           Power        Failure   Level  Hunger
a - Sandblast             Erth           ###...       1%          1    None
b - Passwall              Trmt/Erth      ###.......   10%         2    ##.....
c - Stone Arrow           Conj/Erth      ##....       17%         3    ###....
d - Petrify               Trmt/Erth      ###.....     47%         4    ####...


Dungeon Overview and Level Annotations

Branches:
Dungeon (4/15)
 Temple: D:4-7

Altars:
Ashenzari
Qazlal
Ru
Yredelemnul


Innate Abilities, Weirdness & Mutations

You are resistant to torment.
Your stone body is resilient (AC +4).
You are immune to poison.
You resist negative energy.
You are resistant to electric shocks.
You can survive without breathing.
You are immune to petrification.
You are immune to rotting.


Message History

The worker ant barely misses you.
Casting: Sandblast
Confirm with . or Enter, or press ? or * to list all spells.
Aiming: Sandblast
Press: ? - help, Shift-Dir - straight line, f/p - worker ant
Aim: a worker ant (moderately wounded)
The blast of sand hits the worker ant.
The worker ant is moderately wounded.
The worker ant bites you.
* * * LOW HITPOINT WARNING * * *
The worker ant bites you but does no damage.
You closely miss the worker ant.
The worker ant is moderately wounded.
The worker ant closely misses you.
You hit the worker ant.
The worker ant is moderately wounded.
The worker ant bites you.
* * * LOW HITPOINT WARNING * * *
The worker ant bites you.
You die...

#########################
...#.....................
...#.....................
...#.>...................
...#..^..................
.####.##.##.....@a.......
[####.##'##...###)###....
[#...).#......# #.# .
.#.....#......###+#
.#.....#......###_+
.#.....#......###+#
.#.....#....).#
.##.########..#
.##.####.. ##?.......


You could see a worker ant.

Vanquished Creatures
  A scorpion (D:4)
  An orc priest (D:4)
  3 orc wizards (D:4)
  Jessica (D:3)
  A worker ant (D:4)
  4 gnolls (D:2)
  6 adders
  A dart slug (D:2)
  A giant gecko (D:2)
  13 orcs
  4 giant cockroaches (D:1)
  4 goblins
  4 hobgoblins (D:1)
  2 jackals (D:2)
  3 kobolds
  2 ball pythons (D:3)
  5 bats (D:1)
  A giant newt (D:1)
  9 rats
66 creatures vanquished.

Notes
Turn   | Place    | Note
--------------------------------------------------------------
     0 | D:1      | Hipnos the Gargoyle Earth Elementalist began the quest for the Orb.
     0 | D:1      | Reached XP level 1. HP: 10/10 MP: 3/3
   279 | D:1      | Reached XP level 2. HP: 15/15 MP: 3/5
   315 | D:1      | Reached skill level 4 in Earth Magic
   676 | D:1      | Reached XP level 3. HP: 19/19 MP: 3/6
   930 | D:2      | Found a basalt altar of Yredelemnul.
  1025 | D:2      | Found a sacrificial altar of Ru.
  1026 | D:2      | Found a stormy altar of Qazlal.
  1068 | D:2      | Reached XP level 4. HP: 24/24 MP: 3/8
  1464 | D:3      | Noticed Jessica
  1467 | D:3      | Killed Jessica
  1467 | D:3      | Reached skill level 5 in Earth Magic
  1467 | D:3      | Reached XP level 5. HP: 28/28 MP: 8/10
  1706 | D:3      | Found a faded altar to an unknown god.
  2095 | D:4      | Reached XP level 6. HP: 26/32 MP: 7/12
  2131 | D:4      | Learned a level 2 spell: Passwall
  2135 | D:4      | Learned a level 3 spell: Stone Arrow
  2140 | D:4      | Learned a level 4 spell: Petrify
  2172 | D:4      | Found a shattered altar of Ashenzari.
  2221 | D:4      | Reached skill level 6 in Earth Magic
  2230 | D:4      | Slain by a worker ant

Skill      XL: |  1  2  3  4  5  6 |
---------------+-------------------+-----
Earth Magic    | 4 5 6 |  6.1
Spellcasting   | 3 4 |  4.6
Dodging        | 2 |  2.3
Fighting       | |  0.4
Armour         | |  0.7
Stealth        | |  2.1
Transmutations | |  0.7

Action                   |  1- 3 |  4- 6 || total
-------------------------+-------+-------++-------
Melee: Unarmed           |     1 |       ||     1
       Whip              |       |    24 ||    24
 Cast: Sandblast         |    50 |    72 ||   122
  Eat: Chunk             |     1 |     3 ||     4
Armor: Robe              |     8 |    11 ||    19
       Leather armour    |       |     9 ||     9
Dodge: Dodged            |    19 |    56 ||    75
